[Event "LJ Slovak Open 2022"]
[Site "Liptovsky Jan"]
[Date "2022.06.24"]
[Round "2.34"]
[White "Ihnat, Marek"]
[Black "Sokolovsky, Jakub"]
[Result "1-0"]
[ECO "C78"]
[WhiteElo "2045"]
[BlackElo "1613"]
[Annotator "NA RC"]
[PlyCount "79"]
[EventDate "2022.06.23"]
[EventType "swiss"]
[EventCountry "SVK"]
[SourceTitle "playchess.com"]
[Source "ChessBase"]
[SourceQuality "1"]
[TimeControl "3600+30"]

1. e4 e5 2. Nf3 Nc6 3. Bb5 a6 4. Ba4 Nf6 5. O-O b5 6. Bb3 Bc5 7. c3 d6 8. h3 O-O 9. d4 exd4 10. cxd4 Bb6 11. Bg5 h6 12. Bh4 g5 13. Bg3 Nxe4 14. Bc2 Nxg3 15. fxg3 Qf6 16. Kh2 Qg7 17. Be4 Bb7 18. Na3 ({White should try} 18. Nc3 $15) 18... Rae8 19. Bd5 Na5 20. Bxb7 Nxb7 21. Nc2 Na5 22. b3 Nc6 23. Rc1 Re4 (23... Ne7 $142 24. Nb4 a5) 24. d5 ({White should play} 24. Qd3 Rfe8 25. Qc3) 24... Ne5 25. Nd2 Qg6 26. Nxe4 Qxe4 27. Re1 Qg6 {[%emt 0:00:59] [#]} 28. Nb4 $1 Kh8 29. Rc2 (29. Nxa6 $142 Nd3 30. Rf1 (30. Nxc7 Rc8 $16)) 29... a5 30. Nc6 Nxc6 31. Rxc6 h5 32. Rc2 h4 33. g4 Kh7 34. Rce2 Kg7 35. Qa1+ Kh6 (35... Qf6 {was called for.} 36. Qxf6+ Kxf6) 36. Rf1 f6 $2 (36... Kh7 37. Re7 Kg8) 37. Re6 $2 (37. Re7) 37... Kg7 38. Re7+ Rf7 39. g3 $4 hxg3+ $19 (39... Rxe7 $142 40. Qb2 Re5 41. Rf5 Rxf5 42. gxf5 hxg3+ 43. Kxg3 Qe8 44. Qd2 Qe4 45. Qd1 Qf4+ 46. Kg2 Qf2+ 47. Kh1 Be3 48. a3 Qxf5 49. Kh2 Qf2+ 50. Kh1 Qg3 51. Qg4 Qe1+ 52. Kg2 Qf2+ 53. Kh1 Qf1+ 54. Kh2 Bf4+ 55. Qxf4 gxf4 56. b4 Qf2+ 57. Kh1 f3 58. bxa5 Qg2#) 40. Kxg3 1-0

[Event "LJ Slovak Open 2022"]
[Site "Liptovsky Jan"]
[Date "2022.06.24"]
[Round "2.35"]
[White "Magda, Filip"]
[Black "Zelenka, Matej"]
[Result "0-1"]
[ECO "D78"]
[WhiteElo "1624"]
[BlackElo "1400"]
[Annotator "NA RC"]
[PlyCount "84"]
[EventDate "2022.06.23"]
[EventType "swiss"]
[EventCountry "SVK"]
[SourceTitle "playchess.com"]
[Source "ChessBase"]
[SourceQuality "1"]
[TimeControl "3600+30"]

1. d4 d5 2. Nf3 Nf6 3. c4 c6 4. Nc3 Bf5 5. g3 g6 6. Bg2 Bg7 7. O-O O-O 8. b3 Nbd7 9. Bb2 Qc7 10. Nh4 Be6 11. cxd5 cxd5 12. Rc1 Qa5 13. a3 Rac8 14. b4 Qb6 15. Nf3 a6 16. Ng5 Rc7 17. Na4 Rxc1 18. Qxc1 Qb5 19. Nxe6 fxe6 20. Nc3 Qc6 21. Na2 Rc8 22. Qxc6 Rxc6 23. Rc1 Rxc1+ 24. Nxc1 Nb6 25. Nd3 Nc4 26. Bc1 Ne4 27. Bxe4 dxe4 28. Nc5 Bxd4 29. Nxb7 e3 30. fxe3 Bb6 31. Nc5 Bxc5 32. bxc5 Kf8 33. Kf2 Ke8 34. Kf3 Kd7 35. Ke4 Kc6 36. Kd4 Na5 37. Bb2 e5+ 38. Ke4 Kxc5 39. Bc3 Nc6 40. Bxe5 a5 41. Bd4+ Kc4 42. Bb2 Kb3 0-1

[Event "LJ Slovak Open 2022"]
[Site "Liptovsky Jan"]
[Date "2022.06.24"]
[Round "2.36"]
[White "Bodnar, Frantisek"]
[Black "Lis, Maksymilian"]
[Result "0-1"]
[ECO "A45"]
[WhiteElo "1379"]
[BlackElo "1511"]
[Annotator "NA RC"]
[PlyCount "84"]
[EventDate "2022.06.23"]
[EventType "swiss"]
[EventCountry "SVK"]
[SourceTitle "playchess.com"]
[Source "ChessBase"]
[SourceQuality "1"]
[TimeControl "3600+30"]

1. d4 Nf6 2. Bf4 c5 3. e3 Qb6 4. Nc3 a6 5. Na4 Qa5+ 6. Nc3 g6 7. Bd3 Bg7 8. Nf3 O-O 9. O-O d6 10. e4 cxd4 11. Nxd4 Nc6 12. Nxc6 bxc6 13. Bd2 Qc7 14. Qf3 Be6 15. Rfe1 Nd7 16. b3 a5 17. Rab1 Nc5 18. Ne2 f5 19. exf5 Nxd3 20. Qxd3 Bxf5 21. Qc4+ d5 22. Qc5 e5 23. Rbc1 a4 24. Nc3 axb3 25. axb3 Rfc8 26. Nxd5 cxd5 27. Qxd5+ Qf7 28. Qxf7+ Kxf7 29. c4 Ra2 30. Be3 Rb2 31. Bb6 Rxb3 32. c5 Bh6 33. Rcd1 e4 34. h3 g5 35. g4 Bg6 36. Rd8 Rxd8 37. Bxd8 Rc3 38. Bb6 Bf8 39. f4 gxf4 40. h4 h6 41. Rd1 Bxc5+ 42. Bxc5 Rxc5 0-1

[Event "LJ Slovak Open 2022"]
[Site "Liptovsky Jan"]
[Date "2022.06.24"]
[Round "2.37"]
[White "Subjakova, Kristina"]
[Black "Vojtko, Imrich"]
[Result "1-0"]
[ECO "B00"]
[WhiteElo "1623"]
[BlackElo "1382"]
[Annotator "NA RC"]
[PlyCount "65"]
[EventDate "2022.06.23"]
[EventType "swiss"]
[EventCountry "SVK"]
[SourceTitle "playchess.com"]
[Source "ChessBase"]
[SourceQuality "1"]
[TimeControl "3600+30"]

1. e4 Nc6 2. Nf3 d6 3. Bb5 a6 4. Ba4 b5 5. Bb3 h6 6. d4 Na5 7. c3 Nxb3 8. Qxb3 Be6 9. d5 Bg4 10. Nbd2 Nf6 11. c4 Bd7 12. Nd4 bxc4 13. Qxc4 g6 14. Nc6 Qc8 15. b3 Bg7 16. Bb2 Bxc6 17. Qxc6+ Nd7 18. Bxg7 Rh7 19. Bd4 f6 20. Rc1 Kf7 21. Qxc7 Qe8 22. O-O h5 23. f4 h4 24. Nf3 Rh5 25. e5 Kg8 26. exd6 e5 27. fxe5 fxe5 28. Rfe1 e4 29. Rxe4 Qxe4 30. Qxd7 Rh7 31. Rc8+ Rxc8 32. Qxc8+ Qe8 33. Qxe8# 1-0

[Event "LJ Slovak Open 2022"]
[Site "Liptovsky Jan"]
[Date "2022.06.24"]
[Round "2.38"]
[White "Carnecky, Viliam"]
[Black "Kolibik, Jan"]
[Result "1/2-1/2"]
[ECO "B35"]
[WhiteElo "1380"]
[BlackElo "1621"]
[Annotator "NA RC"]
[PlyCount "95"]
[EventDate "2022.06.23"]
[EventType "swiss"]
[EventCountry "SVK"]
[SourceTitle "playchess.com"]
[Source "ChessBase"]
[SourceQuality "1"]
[TimeControl "3600+30"]

1. e4 c5 2. Nf3 Nc6 3. d4 cxd4 4. Nxd4 g6 5. Nc3 Bg7 6. Be3 Nf6 7. Bc4 Qa5 8. O-O O-O 9. Re1 d6 10. f3 Bd7 11. a3 a6 12. Rb1 Rfe8 13. Nb3 Qc7 14. Bd5 b5 15. Nd4 Rac8 16. Nxc6 Bxc6 17. Bxc6 Qxc6 18. Qd2 Nd7 19. Bd4 Bxd4+ 20. Qxd4 Qb6 21. Qxb6 Nxb6 22. Re2 Rc5 23. Nd1 Nc4 24. c3 Rec8 25. Ne3 Nxe3 26. Rxe3 Kf8 27. Kf2 e6 28. Rd1 Rd8 29. Red3 Ke7 30. Ke3 Rc7 31. Rd4 Rcd7 32. a4 Rb8 33. axb5 Rxb5 34. Rb1 Rc7 35. Kd3 a5 36. Rc4 Rcb7 37. Kc2 d5 38. exd5 Rxd5 39. Re4 Rbd7 40. Re2 Rb7 41. Rd2 Rdb5 42. Rd4 Re5 43. Rd2 Rbb5 44. Rbd1 Re3 45. Rd3 Re2+ 46. R3d2 Re3 47. Rd3 Re2+ 48. R3d2 1/2-1/2

[Event "LJ Slovak Open 2022"]
[Site "Liptovsky Jan"]
[Date "2022.06.24"]
[Round "2.39"]
[White "Sekova, Olivia"]
[Black "Carnecky, Michal"]
[Result "1-0"]
[ECO "C50"]
[WhiteElo "1708"]
[BlackElo "1361"]
[Annotator "NA RC"]
[PlyCount "73"]
[EventDate "2022.06.23"]
[EventType "swiss"]
[EventCountry "SVK"]
[SourceTitle "playchess.com"]
[Source "ChessBase"]
[SourceQuality "1"]
[TimeControl "3600+30"]

1. e4 e5 2. Nf3 Nc6 3. Bc4 Be7 4. c3 Nf6 5. O-O d5 6. exd5 Nxd5 7. Re1 f6 8. d3 Bg4 9. Nbd2 Na5 10. Qa4+ Nc6 11. Bxd5 Qxd5 12. Qxg4 Qxd3 13. Nb3 f5 14. Qxg7 O-O-O 15. Nxe5 Nxe5 16. Qxe5 Bd6 17. Qe3 Rhe8 18. Qd2 Bf4 19. Re3 Bxe3 20. Qxd3 Bxf2+ 21. Kxf2 Rxd3 22. Bf4 Rd5 23. g3 b6 24. Nd4 Kb7 25. a4 a5 26. Nb5 Rd7 27. Nxc7 Rxc7 28. Bxc7 Kxc7 29. Rd1 Kc6 30. Rd4 Re7 31. Rf4 Re5 32. Rh4 Re7 33. Rh5 Rf7 34. Kf3 Kd6 35. Kf4 Ke6 36. Rh6+ Kd5 37. Rxb6 1-0

[Event "LJ Slovak Open 2022"]
[Site "Liptovsky Jan"]
[Date "2022.06.24"]
[Round "2.41"]
[White "Marcek, Jan"]
[Black "Magda, Juraj"]
[Result "1-0"]
[ECO "B50"]
[WhiteElo "1588"]
[BlackElo "1301"]
[Annotator "NA RC"]
[PlyCount "50"]
[EventDate "2022.06.23"]
[EventType "swiss"]
[EventCountry "SVK"]
[SourceTitle "playchess.com"]
[Source "ChessBase"]
[SourceQuality "1"]
[TimeControl "3600+30"]

1. e4 c5 2. Nf3 Nc6 3. c3 d6 4. h3 g6 5. Be2 Bg7 6. O-O Nf6 7. d3 O-O 8. Nh2 Bd7 9. Nd2 b5 10. Nhf3 a5 11. Re1 Qc8 12. Bf1 Nh5 13. Kh1 Nf4 14. Ng1 b4 15. Rb1 bxc3 16. Ndf3 Ne6 17. Ne2 Rb8 18. a3 cxb2 19. Bd2 Qa6 20. Nc3 Ned4 21. Nd5 Qb7 22. Bg5 e6 23. Nf6+ Bxf6 24. Bxf6 Qb3 25. Qd2 Qc2 1-0

[Event "LJ Slovak Open 2022"]
[Site "Liptovsky Jan"]
[Date "2022.06.24"]
[Round "2.42"]
[White "Livnansky, Michal"]
[Black "Carnecka, Stella"]
[Result "0-1"]
[ECO "B35"]
[WhiteElo "1279"]
[BlackElo "1648"]
[Annotator "NA RC"]
[PlyCount "58"]
[EventDate "2022.06.23"]
[EventType "swiss"]
[EventCountry "SVK"]
[SourceTitle "playchess.com"]
[Source "ChessBase"]
[SourceQuality "1"]
[TimeControl "3600+30"]

1. e4 c5 2. Nf3 Nc6 3. d4 cxd4 4. Nxd4 g6 5. Nc3 Bg7 6. Be3 Nf6 7. Bc4 O-O 8. O-O Ng4 9. Nxc6 dxc6 10. Qd2 Qc7 11. Bf4 Ne5 12. Bb3 b5 13. a3 a5 14. Qe3 Qb7 15. Qc5 Ng4 16. f3 Nf6 17. e5 Nd7 18. Qxe7 Nxe5 19. Qc5 Nc4 20. Bxc4 bxc4 21. Na4 Qb5 22. Qxb5 Bd4+ 23. Kh1 cxb5 24. Nc3 Ba6 25. Rad1 Bg7 26. Bd6 Rfd8 27. Bc7 Rxd1 28. Nxd1 Bb7 29. Re1 b4 0-1

[Event "LJ Slovak Open 2022"]
[Site "Liptovsky Jan"]
[Date "2022.06.24"]
[Round "2.43"]
[White "Mazak, Ryan"]
[Black "Livnansky, Tomas"]
[Result "1-0"]
[ECO "C00"]
[WhiteElo "1575"]
[BlackElo "1244"]
[Annotator "NA RC"]
[PlyCount "55"]
[EventDate "2022.06.23"]
[EventType "swiss"]
[EventCountry "SVK"]
[SourceTitle "playchess.com"]
[Source "ChessBase"]
[SourceQuality "1"]
[TimeControl "3600+30"]

1. e4 e6 2. b3 g6 3. Bb2 Nf6 4. d3 Bg7 5. Nd2 O-O 6. Ngf3 d5 7. e5 Nfd7 8. d4 b6 9. Bd3 c5 10. c3 f6 11. exf6 cxd4 12. fxg7 Kxg7 13. cxd4 Nc6 14. O-O Qf6 15. a3 e5 16. dxe5 Ndxe5 17. Qe2 Nxf3+ 18. Nxf3 d4 19. Be4 Re8 20. Qd3 Bf5 21. Bxf5 Qxf5 22. Qxf5 gxf5 23. Nxd4 Nxd4 24. Bxd4+ Kg6 25. g3 Rad8 26. Rad1 Kh5 27. Kg2 f4 28. h3 1-0

[Event "LJ Slovak Open 2022"]
[Site "Liptovsky Jan"]
[Date "2022.06.24"]
[Round "2.44"]
[White "Hudak, Michal"]
[Black "Mikula, Maciej"]
[Result "0-1"]
[ECO "E60"]
[WhiteElo "1169"]
[BlackElo "1567"]
[Annotator "NA RC"]
[PlyCount "40"]
[EventDate "2022.06.23"]
[EventType "swiss"]
[EventCountry "SVK"]
[SourceTitle "playchess.com"]
[Source "ChessBase"]
[SourceQuality "1"]
[TimeControl "3600+30"]

1. d4 Nf6 2. Nf3 c5 3. e3 g6 4. Bd3 Bg7 5. c4 d5 6. dxc5 Qa5+ 7. Bd2 Qxc5 8. Qb3 a5 9. Nc3 dxc4 10. Bxc4 O-O 11. Rc1 Qh5 12. Ne2 Ne4 13. Bxf7+ Kh8 14. Nf4 Nxd2 15. Kxd2 a4 16. Qc4 Qa5+ 17. b4 axb3+ 18. Ke2 bxa2 19. Nd4 Nc6 20. Nb5 Ne5 0-1

[Event "LJ Slovak Open 2022"]
[Site "Liptovsky Jan"]
[Date "2022.06.24"]
[Round "2.45"]
[White "Bohacek, Ludovit"]
[Black "Polackova, Eva"]
[Result "1-0"]
[ECO "B12"]
[WhiteElo "1594"]
[BlackElo "1253"]
[Annotator "NA RC"]
[PlyCount "52"]
[EventDate "2022.06.23"]
[EventType "swiss"]
[EventCountry "SVK"]
[SourceTitle "playchess.com"]
[Source "ChessBase"]
[SourceQuality "1"]
[TimeControl "3600+30"]

1. e4 c6 2. d4 d5 3. e5 Bf5 4. Nf3 e6 5. Bd3 Bxd3 6. Qxd3 Ne7 7. b3 c5 8. Qb5+ Nd7 9. O-O Nc6 10. Ba3 cxd4 11. Bxf8 Nxf8 12. Nxd4 Qd7 13. Nxc6 Qxc6 14. Na3 Nd7 15. Qe2 O-O 16. Nb5 Rfc8 17. c4 dxc4 18. Nd6 Rc7 19. Nxc4 Qb5 20. Qh5 Qc5 21. a4 Qd5 22. Rad1 Qe4 23. f4 Qc2 24. Qf3 Nc5 25. Na5 b6 26. Qxa8+ Rc8 1-0

[Event "LJ Slovak Open 2022"]
[Site "Liptovsky Jan"]
[Date "2022.06.24"]
[Round "2.46"]
[White "Szaszak, Matej"]
[Black "Dicer, Juraj"]
[Result "1-0"]
[ECO "B30"]
[WhiteElo "1235"]
[BlackElo "1562"]
[Annotator "NA RC"]
[PlyCount "61"]
[EventDate "2022.06.23"]
[EventType "swiss"]
[EventCountry "SVK"]
[SourceTitle "playchess.com"]
[Source "ChessBase"]
[SourceQuality "1"]
[TimeControl "3600+30"]

1. e4 c5 2. Bc4 Nc6 3. Nc3 Nf6 4. d3 d6 5. h3 g6 6. Nf3 Bg7 7. O-O O-O 8. Be3 a6 9. Qd2 Re8 10. Bh6 Bh8 11. Ng5 e6 12. f4 b5 13. Bb3 b4 14. Ne2 Bb7 15. f5 Na5 16. fxe6 fxe6 17. Nxe6 Qe7 18. Ng5+ Nxb3 19. cxb3 Qe5 20. Nf3 Qe7 21. Ng3 Nd7 22. Rae1 Ne5 23. Nxe5 Bxe5 24. Qf2 Qh4 25. Qf7+ Kh8 26. Bf4 Bd4+ 27. Kh2 Re7 28. Qc4 d5 29. Qc1 dxe4 30. Bg5 Bxb2 31. Qxb2+ 1-0

[Event "LJ Slovak Open 2022"]
[Site "Liptovsky Jan"]
[Date "2022.06.24"]
[Round "2.47"]
[White "Skutil, Frantisek Elias"]
[Black "Kovacik, Oliver"]
[Result "1-0"]
[ECO "B04"]
[WhiteElo "1552"]
[BlackElo "1331"]
[Annotator "NA RC"]
[PlyCount "45"]
[EventDate "2022.06.23"]
[EventType "swiss"]
[EventCountry "SVK"]
[SourceTitle "playchess.com"]
[Source "ChessBase"]
[SourceQuality "1"]
[TimeControl "3600+30"]

1. e4 Nf6 2. e5 Nd5 3. d4 d6 4. c4 Nb6 5. Nf3 Nc6 6. exd6 exd6 7. h3 d5 8. c5 Nd7 9. Nc3 Nf6 10. Bg5 Be7 11. Qb3 O-O 12. Rd1 Re8 13. Be2 h6 14. Bxf6 Bxf6 15. Qxd5 Qe7 16. b3 Nb4 17. Qc4 Nc2+ 18. Kd2 Nxd4 19. Nxd4 Bxd4 20. Qxd4 Rd8 21. Nd5 Qg5+ 22. Kc3 c6 23. Ne7+ 1-0

[Event "LJ Slovak Open 2022"]
[Site "Liptovsky Jan"]
[Date "2022.06.24"]
[Round "2.48"]
[White "Haasova, Nina"]
[Black "Straka, Simon"]
[Result "0-1"]
[ECO "D05"]
[WhiteElo "1216"]
[BlackElo "1523"]
[Annotator "NA RC"]
[PlyCount "52"]
[EventDate "2022.06.23"]
[EventType "swiss"]
[EventCountry "SVK"]
[SourceTitle "playchess.com"]
[Source "ChessBase"]
[SourceQuality "1"]
[TimeControl "3600+30"]

1. d4 Nf6 2. Nf3 e6 3. e3 d5 4. Bd3 c5 5. c3 Nbd7 6. O-O Ne4 7. Nbd2 f5 8. Ne5 Nxe5 9. dxe5 Bd7 10. Bxe4 dxe4 11. c4 Qc7 12. a3 Qxe5 13. Nb3 O-O-O 14. Qc2 Ba4 15. Rd1 Bd6 16. Bd2 Qxh2+ 17. Kf1 Qh1+ 18. Ke2 Qxg2 19. Rg1 Qf3+ 20. Ke1 Be5 21. Bc3 Rd3 22. Kf1 Rhd8 23. Ke1 Bxb3 24. Qxb3 Bxc3+ 25. bxc3 Rd2 26. Rf1 Qe2# 0-1

[Event "LJ Slovak Open 2022"]
[Site "Liptovsky Jan"]
[Date "2022.06.24"]
[Round "2.49"]
[White "Muller, Tomas"]
[Black "Gay, Lukas"]
[Result "0-1"]
[ECO "B01"]
[WhiteElo "1240"]
[BlackElo "1480"]
[Annotator "NA RC"]
[PlyCount "46"]
[EventDate "2022.06.23"]
[EventType "swiss"]
[EventCountry "SVK"]
[SourceTitle "playchess.com"]
[Source "ChessBase"]
[SourceQuality "1"]
[TimeControl "3600+30"]

1. e4 d5 2. d3 Nc6 3. Nf3 dxe4 4. dxe4 Bg4 5. Qxd8+ Rxd8 6. Be2 Nf6 7. Nc3 e6 8. O-O Be7 9. Bf4 Bxf3 10. Bxf3 e5 11. Bg3 O-O 12. a3 Rd2 13. Rac1 Rfd8 14. Nd5 Nxd5 15. exd5 Nd4 16. Be4 f5 17. Bd3 f4 18. Bxf4 exf4 19. Rfe1 Bf6 20. a4 f3 21. Re3 Ne2+ 22. Bxe2 fxe2 23. b3 Rd1+ 0-1

[Event "LJ Slovak Open 2022"]
[Site "Liptovsky Jan"]
[Date "2022.06.24"]
[Round "2.50"]
[White "Koren, Juraj"]
[Black "Nedoba, Jakub"]
[Result "1/2-1/2"]
[ECO "B01"]
[WhiteElo "1506"]
[BlackElo "1158"]
[Annotator "NA RC"]
[PlyCount "41"]
[EventDate "2022.06.23"]
[EventType "swiss"]
[EventCountry "SVK"]
[SourceTitle "playchess.com"]
[Source "ChessBase"]
[SourceQuality "1"]
[TimeControl "3600+30"]

1. e4 d5 2. e5 Bf5 3. d4 e6 4. Ne2 c5 5. c3 Nc6 6. Be3 cxd4 7. Bxd4 Bg6 8. Nd2 Nge7 9. Nb3 Nf5 10. f4 Ncxd4 11. Nbxd4 Ne3 12. Qc1 Nxf1 13. Rxf1 Be7 14. Qd2 O-O 15. Nf3 b5 16. Ned4 Qb6 17. a3 a5 18. Kf2 Rfc8 19. Kg3 b4 20. axb4 axb4 21. Rxa8 1/2-1/2

[Event "LJ Slovak Open 2022"]
[Site "Liptovsky Jan"]
[Date "2022.06.24"]
[Round "2.51"]
[White "Pechociakova, Petra"]
[Black "Janouskova, Adela"]
[Result "0-1"]
[ECO "B50"]
[WhiteElo "1160"]
[BlackElo "1498"]
[Annotator "NA RC"]
[PlyCount "66"]
[EventDate "2022.06.23"]
[EventType "swiss"]
[EventCountry "SVK"]
[SourceTitle "playchess.com"]
[Source "ChessBase"]
[SourceQuality "1"]
[TimeControl "3600+30"]

1. e4 c5 2. Nf3 Nc6 3. Bc4 d6 4. Ng5 e6 5. d3 h6 6. Nf3 Nf6 7. Nc3 Be7 8. Be3 d5 9. exd5 exd5 10. Bb5 d4 11. Bxc6+ bxc6 12. Bd2 dxc3 13. Bxc3 O-O 14. Qe2 Nd5 15. Bd2 Bf6 16. c3 Re8 17. Be3 Nxc3 18. Qd2 Nd5 19. O-O Nxe3 20. fxe3 Rb8 21. Rab1 c4 22. d4 Bf5 23. Rbc1 Be6 24. Rfe1 Bd5 25. Qf2 Qd7 26. Re2 Qg4 27. Rf1 c3 28. bxc3 Bc4 29. h3 Qe6 30. a4 Bxe2 31. Qxe2 Qxe3+ 32. Qxe3 Rxe3 33. g4 Rxc3 0-1

[Event "LJ Slovak Open 2022"]
[Site "Liptovsky Jan"]
[Date "2022.06.24"]
[Round "2.52"]
[White "Bilik, Matej"]
[Black "Socha, Wiktor"]
[Result "1-0"]
[ECO "B27"]
[WhiteElo "1553"]
[BlackElo "1020"]
[Annotator "NA RC"]
[PlyCount "67"]
[EventDate "2022.06.23"]
[EventType "swiss"]
[EventCountry "SVK"]
[SourceTitle "playchess.com"]
[Source "ChessBase"]
[SourceQuality "1"]
[TimeControl "3600+30"]

1. e4 c5 2. Nf3 g6 3. d4 cxd4 4. Qxd4 Nf6 5. e5 Nc6 6. Qc3 e6 7. a3 Nd5 8. Qd3 Bg7 9. Nc3 Nxc3 10. Qxc3 d6 11. Bg5 Qc7 12. Bf6 Bxf6 13. exf6 e5 14. O-O-O h6 15. Bb5 a6 16. Bxc6+ bxc6 17. h3 Kd7 18. Nxe5+ Ke8 19. Qxc6+ Qxc6 20. Nxc6 Bb7 21. Rxd6 Rc8 22. Re1+ Kf8 23. Red1 Re8 24. f3 Kg8 25. Ne7+ Kh7 26. Rb6 Bc8 27. Nxc8 Rxc8 28. Rd7 Rhf8 29. Rxa6 g5 30. b4 Kg6 31. Kb2 Rc4 32. Kb3 Rfc8 33. Rd2 Rc3+ 34. Kb2 1-0

[Event "LJ Slovak Open 2022"]
[Site "Liptovsky Jan"]
[Date "2022.06.24"]
[Round "2.53"]
[White "Magdova, Lucia"]
[Black "Ropovik, Samuel"]
[Result "0-1"]
[ECO "B60"]
[WhiteElo "1055"]
[BlackElo "1453"]
[Annotator "NA RC"]
[PlyCount "70"]
[EventDate "2022.06.23"]
[EventType "swiss"]
[EventCountry "SVK"]
[SourceTitle "playchess.com"]
[Source "ChessBase"]
[SourceQuality "1"]
[TimeControl "3600+30"]

1. e4 c5 2. Nf3 d6 3. d4 cxd4 4. Nxd4 Nf6 5. Nc3 Nc6 6. Bg5 Qa5 7. Be3 Nxe4 8. Qd3 Nxc3 9. Qxc3 Qxc3+ 10. bxc3 e6 11. Bb5 Bd7 12. O-O Rc8 13. h3 Be7 14. Rab1 O-O 15. Rfd1 d5 16. a4 Rfd8 17. Nxc6 bxc6 18. Bd3 c5 19. a5 Bd6 20. Rb7 Rb8 21. Rxa7 Ra8 22. Ra6 Rxa6 23. Bxa6 Ra8 24. Be2 Rxa5 25. Rb1 Ra2 26. Bd1 Ba4 27. Rc1 Ra3 28. Bd2 Be5 29. Rb1 f6 30. Bh5 Bxc2 31. Rc1 Bg6 32. Be2 Ra2 33. Rd1 Bxc3 34. Bxc3 Rxe2 35. Rb1 Bxb1 0-1

[Event "LJ Slovak Open 2022"]
[Site "Liptovsky Jan"]
[Date "2022.06.24"]
[Round "2.54"]
[White "Szaszak, Lukas"]
[Black "Stricova Julia Nela"]
[Result "1-0"]
[ECO "D02"]
[WhiteElo "1454"]
[BlackElo "1149"]
[Annotator "NA RC"]
[PlyCount "93"]
[EventDate "2022.06.23"]
[EventType "swiss"]
[EventCountry "SVK"]
[SourceTitle "playchess.com"]
[Source "ChessBase"]
[SourceQuality "1"]
[TimeControl "3600+30"]

1. d4 d5 2. Nf3 Nf6 3. Bf4 Bf5 4. e3 a6 5. c4 dxc4 6. Bxc4 e6 7. a3 Bd6 8. Bg3 O-O 9. Nc3 Nc6 10. Bh4 b5 11. Bd3 Bg4 12. h3 Bh5 13. Be4 Qd7 14. Bxf6 gxf6 15. d5 Ne5 16. dxe6 Qxe6 17. Bxa8 Rxa8 18. Qd5 Qxd5 19. Nxd5 Nxf3+ 20. gxf3 Bxf3 21. Rg1+ Kf8 22. Nxf6 Ra7 23. Nxh7+ Ke7 24. Ng5 Bh5 25. f4 Bc5 26. Kd2 f6 27. Ne4 Bd6 28. Nxd6 Kxd6 29. Rg7 Ra8 30. Rc1 Rc8 31. e4 c6 32. b4 Re8 33. Ke3 Rc8 34. Rc2 c5 35. Rd2+ Kc6 36. bxc5 Kxc5 37. Rc2+ Kb6 38. Rxc8 Ka5 39. e5 fxe5 40. fxe5 Ka4 41. Rc3 b4 42. axb4 Kxb4 43. Kd4 a5 44. Rb7+ Ka4 45. Rc1 Bf7 46. Ra1+ Ba2 47. Rxa2# 1-0

[Event "LJ Slovak Open 2022"]
[Site "Liptovsky Jan"]
[Date "2022.06.24"]
[Round "2.55"]
[White "Sotnik, Simon"]
[Black "Vastik, Tomas"]
[Result "0-1"]
[ECO "D55"]
[WhiteElo "1038"]
[BlackElo "1457"]
[Annotator "NA RC"]
[PlyCount "52"]
[EventDate "2022.06.23"]
[EventType "swiss"]
[EventCountry "SVK"]
[SourceTitle "playchess.com"]
[Source "ChessBase"]
[SourceQuality "1"]
[TimeControl "3600+30"]

1. d4 d5 2. c4 e6 3. Nc3 Nf6 4. Bg5 Be7 5. Nf3 O-O 6. e3 h6 7. Bxf6 Bxf6 8. e4 dxe4 9. Nxe4 Nc6 10. d5 exd5 11. Nxf6+ Qxf6 12. cxd5 Ne5 13. Nxe5 Qxe5+ 14. Be2 Re8 15. O-O Qxe2 16. Qxe2 Rxe2 17. Rfe1 Rxe1+ 18. Rxe1 Bd7 19. h3 Re8 20. Rc1 c6 21. dxc6 Bxc6 22. a3 Re2 23. b4 Kf8 24. Rb1 a6 25. Kf1 Bb5 26. Kg1 Ba4 0-1

[Event "LJ Slovak Open 2022"]
[Site "Liptovsky Jan"]
[Date "2022.06.24"]
[Round "2.56"]
[White "Szabo, Marian"]
[Black "Stricova Viktoria Lea"]
[Result "1-0"]
[ECO "D02"]
[WhiteElo "1467"]
[BlackElo "1025"]
[Annotator "NA RC"]
[PlyCount "39"]
[EventDate "2022.06.23"]
[EventType "swiss"]
[EventCountry "SVK"]
[SourceTitle "playchess.com"]
[Source "ChessBase"]
[SourceQuality "1"]
[TimeControl "3600+30"]

1. d4 d5 2. Nf3 Nc6 3. e3 Bg4 4. Nbd2 a6 5. h3 Bh5 6. Be2 e6 7. a3 Qd7 8. Ne5 Nxe5 9. Bxh5 g6 10. dxe5 gxh5 11. Qxh5 O-O-O 12. O-O f6 13. b4 Qe8 14. Qxe8 Rxe8 15. exf6 Nxf6 16. Bb2 Nh5 17. Bxh8 Ng7 18. Bxg7 Bxg7 19. Rad1 Rg8 20. c4 1-0

[Event "LJ Slovak Open 2022"]
[Site "Liptovsky Jan"]
[Date "2022.06.24"]
[Round "2.57"]
[White "Prochazka Michal"]
[Black "Lacko, Stanislav"]
[Result "1-0"]
[ECO "C01"]
[WhiteElo "1110"]
[BlackElo "1462"]
[Annotator "NA RC"]
[PlyCount "43"]
[EventDate "2022.06.23"]
[EventType "swiss"]
[EventCountry "SVK"]
[SourceTitle "playchess.com"]
[Source "ChessBase"]
[SourceQuality "1"]
[TimeControl "3600+30"]

1. e4 e6 2. d4 d5 3. exd5 exd5 4. Bd3 Bd6 5. Nc3 Nf6 6. Bg5 c6 7. Qe2+ Qe7 8. Bxf6 Qxe2+ 9. Ngxe2 gxf6 10. a3 Bg4 11. O-O-O Nd7 12. Rde1 O-O-O 13. Ng3 Bxg3 14. hxg3 h6 15. f3 Be6 16. Ne2 f5 17. Nf4 Nf8 18. Rh5 Ng6 19. Nxe6 Rde8 20. Bxf5 Kb8 21. Bxg6 fxg6 22. Rhe5 1-0

[Event "LJ Slovak Open 2022"]
[Site "Liptovsky Jan"]
[Date "2022.06.24"]
[Round "2.58"]
[White "Pisarcik, Richard"]
[Black "Moravcik Alex"]
[Result "1-0"]
[ECO "C49"]
[WhiteElo "1343"]
[BlackElo "1000"]
[Annotator "NA RC"]
[PlyCount "37"]
[EventDate "2022.06.23"]
[EventType "swiss"]
[EventCountry "SVK"]
[SourceTitle "playchess.com"]
[Source "ChessBase"]
[SourceQuality "1"]
[TimeControl "3600+30"]

1. e4 e5 2. Nf3 Nc6 3. Nc3 Nf6 4. Bb5 Bb4 5. d3 Nd4 6. Bd2 Nxf3+ 7. Qxf3 Bc5 8. Bc4 d6 9. Bg5 Bg4 10. Bxf6 Bxf3 11. Bxd8 Bxg2 12. Rg1 O-O 13. Rxg2 Raxd8 14. O-O-O h6 15. Rdg1 g5 16. h4 Kh7 17. hxg5 hxg5 18. Rxg5 Bxf2 19. Rh5# 1-0

[Event "LJ Slovak Open 2022"]
[Site "Liptovsky Jan"]
[Date "2022.06.24"]
[Round "2.59"]
[White "Lesko Ondrej"]
[Black "Hlavac, Tomas"]
[Result "0-1"]
[ECO "C00"]
[WhiteElo "1000"]
[BlackElo "1409"]
[Annotator "NA RC"]
[PlyCount "73"]
[EventDate "2022.06.23"]
[EventType "swiss"]
[EventCountry "SVK"]
[SourceTitle "playchess.com"]
[Source "ChessBase"]
[SourceQuality "1"]
[TimeControl "3600+30"]

1. e4 e6 2. Nc3 d5 3. d3 d4 4. e5 dxc3 5. bxc3 Nc6 6. Nf3 Nge7 7. Ba3 Ng6 8. d4 Bxa3 9. Bc4 O-O 10. O-O Bb2 11. Rb1 Bxc3 12. h3 Nxd4 13. Nxd4 Bxd4 14. Re1 Nxe5 15. Bb3 c5 16. c3 Bxc3 17. Qxd8 Rxd8 18. Re3 Bd4 19. Re4 Nd3 20. Rf4 Nxf4 21. Rd1 b5 22. Bc2 Bb7 23. Re1 Nxg2 24. Rb1 Bc6 25. Rf1 c4 26. Kh1 Ne3+ 27. f3 Nxf1 28. Be4 Ng3+ 29. Kg2 Nxe4 30. fxe4 Bxe4+ 31. Kg3 Be5+ 32. Kf2 Rd2+ 33. Ke3 c3 34. Kxe4 f6 35. a4 c2 36. axb5 c1=Q 37. h4 0-1